ORI
UNIVERSITY OF ALABAMA CRIMSON TIDE @ UNIVERSITY OF CONNETICUT HUSKIES
10/25/2047
 
TOP OF THE 1ST
University of Alabama Crimson Tide batting - Pitching for University of Conneticut Huskies : RHP Andres Cruz
Pitching: RHP Andres Cruz
Batting: RHB Danny Rosario 0-0: Bunt missed!
0-1: Called Strike
0-2: Foul Ball, location: 2F
0-2: Ball
1-2: Strikes out swinging
Batting: LHB Yu-shu Ni 0-0: Ball
1-0: Foul Ball, location: 2F
1-1: Fly out, F7 (Flyball, 7, EV 93.1 MPH)
Batting: LHB Danny Schultz 0-0: Called Strike
0-1: Ball
1-1: Fly out, F7 (Flyball, 7S, EV 82.5 MPH)
Top of the 1st over - 0 runs, 0 hits, 0 errors, 0 left on base; University of Alabama 0 - University of Conneticut 0
BOTTOM OF THE 1ST
University of Conneticut Huskies batting - Pitching for University of Alabama Crimson Tide : RHP Mike Sisson
Pitching: RHP Mike Sisson
Batting: RHB Cullen Elliott 0-0: Ball
1-0: Called Strike
1-1: Ball
2-1: Called Strike
2-2: Strikes out swinging
Batting: LHB Hector Acosta 0-0: Called Strike
0-1: Swinging Strike
0-2: Ball
1-2: Ball
2-2: Ball
3-2: Foul Ball, location: 2F
3-2: Foul Ball, location: 2F
3-2: Strikes out swinging
Batting: RHB Roku Kawano 0-0: Ball
1-0: Swinging Strike
1-1: Ball
2-1: Ground out 5-3 (Groundball, 56S, EV 90.6 MPH)
Bottom of the 1st over - 0 runs, 0 hits, 0 errors, 0 left on base; University of Alabama 0 - University of Conneticut 0
TOP OF THE 2ND
University of Alabama Crimson Tide batting - Pitching for University of Conneticut Huskies : RHP Andres Cruz
Batting: RHB Juan Araiza 0-0: Fly out, F9 (Flyball, 89S, EV 86.9 MPH)
Batting: RHB Hughie Withers 0-0: Ball
1-0: Foul Ball, location: 2F
1-1: Ball
2-1: Fly out, F9 (Flyball, 9, EV 90.6 MPH)
Batting: LHB Platon Protopsaltis 0-0: Ball
1-0: DOUBLE (Flyball, 89D, EV 100.6 MPH)
Batting: LHB Joe Blackwood 0-0: Called Strike
0-1: Foul Ball, location: 2F
0-2: Ball
1-2: Ball
2-2: Ball
3-2: Foul Ball, location: 2F
3-2: Foul Ball, location: 2F
3-2: Strikes out looking
Top of the 2nd over - 0 runs, 1 hit, 0 errors, 1 left on base; University of Alabama 0 - University of Conneticut 0
BOTTOM OF THE 2ND
University of Conneticut Huskies batting - Pitching for University of Alabama Crimson Tide : RHP Mike Sisson
Batting: LHB Andrew Barzee 0-0: Ball
1-0: Called Strike
1-1: Foul Ball, location: 2F
1-2: Foul Ball, location: 2F
1-2: Strikes out swinging
Batting: LHB Greg James 0-0: Ball
1-0: Ball
2-0: Ball
3-0: Called Strike
3-1: Foul Ball, location: 2F
3-2: Strikes out swinging
Batting: RHB Victor Ramos 0-0: Ball
1-0: SINGLE (Line Drive, 34D, EV 94.4 MPH)
Batting: RHB Jordan Nicholas 0-0: Hit by Pitch
Victor Ramos to second
Batting: RHB Jack Vokey 0-0: Foul Ball, location: 2F
0-1: Foul Ball, location: 2F
0-2: Strikes out swinging
Bottom of the 2nd over - 0 runs, 1 hit, 0 errors, 2 left on base; University of Alabama 0 - University of Conneticut 0
TOP OF THE 3RD
University of Alabama Crimson Tide batting - Pitching for University of Conneticut Huskies : RHP Andres Cruz
Batting: RHB Jong-your Lee 0-0: Ball
1-0: Ground out 5-3 (Groundball, 5L, EV 87.5 MPH)
Batting: RHB Eric Kilmer 0-0: Ball
1-0: Ball
2-0: Fly out, F9 (Flyball, 9S, EV 85.0 MPH)
Batting: RHB Danny Rosario 0-0: Ball
1-0: Called Strike
1-1: Fly out, F3 (Popup, 3SF, EV 78.1 MPH)
Top of the 3rd over - 0 runs, 0 hits, 0 errors, 0 left on base; University of Alabama 0 - University of Conneticut 0
BOTTOM OF THE 3RD
University of Conneticut Huskies batting - Pitching for University of Alabama Crimson Tide : RHP Mike Sisson
Batting: SHB Ismael Vega 0-0: Called Strike
0-1: Called Strike
0-2: Strikes out swinging
Batting: RHB Cullen Elliott 0-0: Called Strike
0-1: Ball
1-1: Ball
2-1: Foul Ball, location: 2F
2-2: Strikes out swinging
Batting: LHB Hector Acosta 0-0: Called Strike
0-1: Ground out U3 (Groundball, 3, EV 102.5 MPH)
Bottom of the 3rd over - 0 runs, 0 hits, 0 errors, 0 left on base; University of Alabama 0 - University of Conneticut 0
TOP OF THE 4TH
University of Alabama Crimson Tide batting - Pitching for University of Conneticut Huskies : RHP Andres Cruz
Batting: LHB Yu-shu Ni 0-0: Ball
1-0: Ball
2-0: Ball
3-0: Called Strike
3-1: Swinging Strike
3-2: Strikes out swinging
Batting: LHB Danny Schultz 0-0: Ball
1-0: Swinging Strike
1-1: Ball
2-1: Ball
3-1: Base on Balls
Batting: RHB Juan Araiza 0-0: Ball
1-0: Called Strike
1-1: Swinging Strike
1-2: Ball
2-2: Foul Ball, location: 2F
2-2: Fly out, F9 (Flyball, 9S, EV 88.1 MPH)
Batting: RHB Hughie Withers 0-0: Foul Ball, location: 2F
0-1: Ball
1-1: Ball
2-1: 2-RUN HOME RUN (Line Drive, 7D, EV 101.9 MPH), Distance : 395 ft
Batting: LHB Platon Protopsaltis 0-0: Ball
1-0: Ground out 5-3 (Groundball, 56, EV 85.0 MPH)
Top of the 4th over - 2 runs, 1 hit, 0 errors, 0 left on base; University of Alabama 2 - University of Conneticut 0
BOTTOM OF THE 4TH
University of Conneticut Huskies batting - Pitching for University of Alabama Crimson Tide : RHP Mike Sisson
Batting: RHB Roku Kawano 0-0: Ball
1-0: Foul Ball, location: 2F
1-1: Fly out, F8 (Flyball, 89M, EV 90.0 MPH)
Batting: LHB Andrew Barzee 0-0: Fly out, F7 (Flyball, 7D, EV 99.4 MPH)
Batting: LHB Greg James 0-0: Ball
1-0: Ball
2-0: Foul Ball, location: 2F
2-1: Foul Ball, location: 2F
2-2: Fly out, F8 (Flyball, 8LD, EV 105.0 MPH)
Bottom of the 4th over - 0 runs, 0 hits, 0 errors, 0 left on base; University of Alabama 2 - University of Conneticut 0
TOP OF THE 5TH
University of Alabama Crimson Tide batting - Pitching for University of Conneticut Huskies : RHP Andres Cruz
Batting: LHB Joe Blackwood 0-0: Ball
1-0: Called Strike
1-1: Foul Ball, location: 2F
1-2: Foul Ball, location: 2F
1-2: Strikes out swinging
Batting: RHB Jong-your Lee 0-0: Ball
1-0: Called Strike
1-1: Foul Ball, location: 2F
1-2: Ball
2-2: Strikes out swinging
Batting: RHB Eric Kilmer 0-0: Swinging Strike
0-1: Swinging Strike
0-2: Ball
1-2: Ball
2-2: Strikes out looking
Top of the 5th over - 0 runs, 0 hits, 0 errors, 0 left on base; University of Alabama 2 - University of Conneticut 0
BOTTOM OF THE 5TH
University of Conneticut Huskies batting - Pitching for University of Alabama Crimson Tide : RHP Mike Sisson
Batting: RHB Victor Ramos 0-0: Ball
1-0: Called Strike
1-1: Bunt missed!
1-2: Ball
2-2: Fly out, F8 (Flyball, 8RM, EV 91.2 MPH)
Batting: RHB Jordan Nicholas 0-0: Swinging Strike
0-1: Foul Ball, location: 2F
0-2: Ball
1-2: Strikes out swinging
Batting: RHB Jack Vokey 0-0: Ball
1-0: Called Strike
1-1: Called Strike
1-2: Ball
2-2: Strikes out swinging
Bottom of the 5th over - 0 runs, 0 hits, 0 errors, 0 left on base; University of Alabama 2 - University of Conneticut 0
TOP OF THE 6TH
University of Alabama Crimson Tide batting - Pitching for University of Conneticut Huskies : RHP Andres Cruz
Pitching: LHP Travis Ventresca
Batting: RHB Danny Rosario 0-0: Ball
1-0: Ball
2-0: Ground out 6-3 (Groundball, 6MS, EV 84.4 MPH)
Batting: LHB Yu-shu Ni 0-0: Ball
1-0: Swinging Strike
1-1: Swinging Strike
1-2: Ball
2-2: SINGLE (Groundball, P, EV 81.2 MPH) (infield hit)
Batting: LHB Danny Schultz 0-0: Called Strike
0-1: Ball
1-1: Called Strike
1-2: Ball
2-2: Foul Ball, location: 2F
2-2: Ball
3-2: Fly out, F9 (Line Drive, 9, EV 94.4 MPH)
Batting: RHB Juan Araiza 0-0: Ball
1-0: Called Strike
1-1: Called Strike
1-2: Strikes out swinging
Top of the 6th over - 0 runs, 1 hit, 0 errors, 1 left on base; University of Alabama 2 - University of Conneticut 0
BOTTOM OF THE 6TH
University of Conneticut Huskies batting - Pitching for University of Alabama Crimson Tide : RHP Mike Sisson
Batting: SHB Ismael Vega 0-0: Ball
1-0: Fly out, F8 (Flyball, 8RXD, EV 95.6 MPH)
Batting: RHB Cullen Elliott 0-0: SINGLE (Groundball, 6D, EV 104.4 MPH)
Batting: LHB Hector Acosta 0-0: Swinging Strike
0-1: Ground out 6-3 (Groundball, 6, EV 80.0 MPH)
Cullen Elliott to second
Batting: RHB Roku Kawano 0-0: Ball
1-0: Called Strike
1-1: Foul Ball, location: 2F
1-2: Foul Ball, location: 2F
1-2: SINGLE (Groundball, 4M, EV 99.4 MPH)
Cullen Elliott to third
Runner from 3rd tries for Home, SAFE, throw by CF to home
Batting: LHB Andrew Barzee 0-0: Called Strike
0-1: Foul Ball, location: 2F
0-2: Ball
1-2: Ball
2-2: Foul Ball, location: 2F
2-2: Ball
3-2: Foul Ball, location: 2F
3-2: Strikes out swinging
Bottom of the 6th over - 1 run, 2 hits, 0 errors, 1 left on base; University of Alabama 2 - University of Conneticut 1
TOP OF THE 7TH
University of Alabama Crimson Tide batting - Pitching for University of Conneticut Huskies : LHP Travis Ventresca
Pitching: RHP Jorge Estrada
Batting: RHB Hughie Withers 0-0: Called Strike
0-1: Ball
1-1: Called Strike
1-2: Ball
2-2: Strikes out swinging
Batting: LHB Platon Protopsaltis 0-0: Called Strike
0-1: Hit by Pitch
Batting: LHB Joe Blackwood 0-0: Ball
Platon Protopsaltis is caught stealing 2nd base 2-6
1-0: Ball
2-0: Called Strike
2-1: DOUBLE (Line Drive, 78D, EV 110.0 MPH)
Batting: RHB Jong-your Lee 0-0: Foul Ball, location: 2F
0-1: Ball
1-1: Ball
2-1: Ground out 1-3 (Groundball, 25, EV 70.6 MPH)
Top of the 7th over - 0 runs, 1 hit, 0 errors, 1 left on base; University of Alabama 2 - University of Conneticut 1
BOTTOM OF THE 7TH
University of Conneticut Huskies batting - Pitching for University of Alabama Crimson Tide : RHP Mike Sisson
Pitching: LHP Juan Cardenas
Batting: LHB Greg James 0-0: Ball
1-0: Swinging Strike
1-1: Foul Ball, location: 2F
1-2: Ground out 6-3 (Groundball, 6, EV 93.1 MPH)
Batting: RHB Victor Ramos 0-0: Ball
1-0: Ball
2-0: Foul Ball, location: 2F
2-1: Ball
3-1: Ground out 4-3 (Groundball, 4, EV 97.5 MPH)
Batting: RHB Jordan Nicholas 0-0: Ball
1-0: Fly out, F1 (Popup, P, EV 85.0 MPH)
Bottom of the 7th over - 0 runs, 0 hits, 0 errors, 0 left on base; University of Alabama 2 - University of Conneticut 1
TOP OF THE 8TH
University of Alabama Crimson Tide batting - Pitching for University of Conneticut Huskies : RHP Jorge Estrada
Pitching: RHP Tony de Anda
Batting: RHB Eric Kilmer 0-0: Ball
1-0: Ball
2-0: Called Strike
2-1: Foul Ball, location: 2F
2-2: Strikes out swinging
Batting: RHB Danny Rosario 0-0: Ground out 4-3 (Groundball, 4, EV 84.4 MPH)
Batting: LHB Yu-shu Ni 0-0: Called Strike
0-1: Ball
1-1: Ball
2-1: Ball
3-1: Base on Balls
Batting: LHB Danny Schultz 0-0: Called Strike
0-1: Ball
1-1: Foul Ball, location: 2F
1-2: Foul Ball, location: 2F
1-2: Ball
2-2: Foul Ball, location: 2F
2-2: Ball
3-2: Base on Balls
Yu-shu Ni to second
Batting: RHB Juan Araiza 0-0: Called Strike
0-1: Foul Ball, location: 2F
0-2: Foul Ball, location: 2F
0-2: Strikes out swinging
Top of the 8th over - 0 runs, 0 hits, 0 errors, 2 left on base; University of Alabama 2 - University of Conneticut 1
BOTTOM OF THE 8TH
University of Conneticut Huskies batting - Pitching for University of Alabama Crimson Tide : LHP Juan Cardenas
Batting: RHB Jack Vokey 0-0: Swinging Strike
0-1: Foul Ball, location: 2F
0-2: Strikes out swinging
Batting: RHB Matthew Lanford 0-0: Ball
1-0: Ball
2-0: Foul Ball, location: 2F
2-1: Called Strike
2-2: Foul Ball, location: 2F
2-2: Foul Ball, location: 2F
2-2: Strikes out swinging
Batting: RHB Cullen Elliott 0-0: Ball
1-0: Ground out 6-3 (Groundball, 56S, EV 88.8 MPH)
Bottom of the 8th over - 0 runs, 0 hits, 0 errors, 0 left on base; University of Alabama 2 - University of Conneticut 1
TOP OF THE 9TH
University of Alabama Crimson Tide batting - Pitching for University of Conneticut Huskies : RHP Tony de Anda
Pitching: LHP Alex Membreno
Batting: RHB Hughie Withers 0-0: Ball
1-0: Ground out 5-3 (Groundball, 56, EV 85.6 MPH)
Batting: LHB Platon Protopsaltis 0-0: Called Strike
0-1: Foul Ball, location: 2F
0-2: Foul Ball, location: 2F
0-2: Ball
1-2: Ball
2-2: Ball
3-2: Fly out, F9 (Flyball, 9, EV 86.2 MPH)
Batting: LHB Joe Blackwood 0-0: Called Strike
0-1: Ball
1-1: Ball
2-1: Swinging Strike
2-2: Ball
3-2: Strikes out looking
Top of the 9th over - 0 runs, 0 hits, 0 errors, 0 left on base; University of Alabama 2 - University of Conneticut 1
BOTTOM OF THE 9TH
University of Conneticut Huskies batting - Pitching for University of Alabama Crimson Tide : LHP Juan Cardenas
Pitching: RHP Chad Wickel
Batting: LHB Hector Acosta 0-0: Called Strike
0-1: Ball
1-1: Ground out U3 (Groundball, 3S, EV 71.2 MPH)
Batting: RHB Roku Kawano 0-0: Called Strike
0-1: Foul Ball, location: 2F
0-2: SINGLE (Flyball, 78D, EV 99.4 MPH)
Batting: LHB Andrew Barzee 0-0: Ball
1-0: Called Strike
1-1: Fly out, F8 (Flyball, 8LD, EV 83.8 MPH)
Batting: LHB Greg James 0-0: Ball
1-0: Foul Ball, location: 2F
1-1: Foul Ball, location: 2F
1-2: Strikes out looking
Bottom of the 9th over - 0 runs, 1 hit, 0 errors, 1 left on base; University of Alabama 2 - University of Conneticut 1
Thursday, December 15th , 2022 - OOTP Baseball 23.9 Build 102